 Dungeon Crawl Stone Soup version 0.28-a0-1374-ga75cb3825e (webtiles) character file.

Game seed: 8408769402870448598

4 vurker the Gusty (level 1, 0/7 HPs)
             Began as a Felid Air Elementalist on Dec 31, 2021.
             Slain by a quokka (5 damage)
             ... on level 1 of the Dungeon.
             The game lasted 00:00:30 (229 turns).

vurker the Gusty (Felid Air Elementalist)            Turns: 229, Time: 00:00:30

Health: 0/7        AC:  1    Str:  4    XL:     1   Next: 50%
Magic:  0/4        EV: 17    Int: 16    God:
Gold:   17         SH:  0    Dex: 16    Spells: 3/4 levels left
                                        Lives:  0   Deaths: 0

rFire   . . .      SeeInvis +   (weapon unavailable)
rCold   . . .      Faith    .   (shield unavailable)
rNeg    . . .      Spirit   .   (armour unavailable)
rPois   .          Reflect  .   (helmet unavailable)
rElec   .          Harm     .   (cloak unavailable)
rCorr   .          Rampage  .   (gloves unavailable)
Will    .....                   (boots unavailable)
Stlth   ++........              (no amulet)
HPRegen 0.02/turn               (no ring)
MPRegen 0.09/turn               (no ring)

@: very slightly contaminated, quick
A: very small, claws 1, fangs 3, see invisible, speed 1, shaggy fur 1, stealthy
paws, no weapons or thrown items, no armour, multi-lived
a: no special abilities


You were on level 1 of the Dungeon.
You visited 1 branch of the dungeon, and saw 1 of its levels.

You collected 17 gold pieces.

Inventory:

Potions
 a - a potion of brilliance {unknown}
 b - a potion of magic {unknown}


   Skills:
 + Level 0.2 Fighting
 - Level 2.6 Dodging
 - Level 2.6 Stealth
 * Level 2.1 Spellcasting
 + Level 1.0 Conjurations
 * Level 2.8 Air Magic


You had 3 spell levels left.
You knew the following spells:

 Your Spells              Type           Power      Damage    Failure   Level
a - Shock                 Conj/Air       28%        1d4       10%         1

Your spell library contained the following spells:

 Spells                   Type           Power      Damage    Failure   Level
 Static Discharge         Conj/Air       7%         N/A       14%         2
 Swiftness                Air            10%        N/A       19%         3
 Airstrike                Air            5%         N/A       54%         4


Dungeon Overview and Level Annotations

Branches:
Dungeon (1/15)

Altars:


Innate Abilities, Weirdness & Mutations

You have sharp claws.
You have razor-sharp teeth.
You have supernaturally acute eyesight. (SInv)
You cover ground quickly. (Speed+)
You are covered in fur. (AC +1)
Your paws help you pounce on unaware monsters.
You are incapable of wielding weapons or throwing items.
You cannot wear armour.
You gain extra lives every three experience levels.


Message History

Found 17 gold pieces.
A bat is nearby!
A bat is nearby!
Aim: a bat (asleep, 100% to hit)
The zap hits the bat.
You kill the bat!
You can't see any susceptible monsters within range! (Use Z to cast anyway.)
Found a black potion.
Found a fuming black potion.
A giant cockroach comes into view.
You see here 17 gold pieces.
A giant cockroach is nearby!
A giant cockroach is nearby!
Aim: a giant cockroach (asleep, 100% to hit)
The zap hits the giant cockroach.
Aim: a giant cockroach (severely wounded, 68% to hit)
The zap hits the giant cockroach.
You kill the giant cockroach!
You can't see any susceptible monsters within range! (Use Z to cast anyway.)
You now have 17 gold pieces.
a - a black potion
b - a fuming black potion
Found 24 stones.
You see here 24 stones.
A kobold comes into view. It is wielding a +0 short sword.
Found a scroll labelled ELEHUSE UTEGH.
A kobold is nearby!
A kobold is nearby!
Aim: a kobold, wielding a +0 short sword and quivering stones (asleep, 100% to hit)
You miscast Shock.
You are very lightly contaminated with residual magic.
Nothing appears to happen.
The kobold shouts!
A quokka comes into view.
Aim: a kobold, wielding a +0 short sword and quivering stones (60% to hit)
You miscast Shock.
Nothing appears to happen.
Aim: a kobold, wielding a +0 short sword and quivering stones (60% to hit)
You miscast Shock.
Nothing appears to happen.
Aim: a kobold, wielding a +0 short sword and quivering stones (60% to hit)
The zap hits the kobold.
You kill the kobold!
Your Conjurations skill increases to level 1!
A quokka is nearby!
You closely miss the quokka. The quokka closely misses you.
The zap misses the quokka. x2; The quokka bites you.
You scratch the quokka.
The quokka bites you but does no damage.
You miss the quokka. The quokka completely misses you. The quokka bites you.
Ouch! That really hurt!
You die...

......##### ## ..
..........#######. ...
..##.............. r...
.....###..#####.## ....?
.....# ##.#####.####..)...
.....####.##..............
##.........(.##..######.##
##..†#...#######r#
##...##...## #@#
##....##...# #.# ####....#
#.# #.....>.# #.#
#.####.## #.. #.# #.# ##.
##.# # . ...# ..
.###############


You could see a quokka.

Vanquished Creatures
  A bat (D:1)
  A giant cockroach (D:1)
  2 kobolds (D:1)
4 creatures vanquished.

Notes
Turn   | Place    | Note
-------+----------+-------------------------------------------
     0 | D:1      | vurker the Felid Air Elementalist began the quest for the
                  | Orb.
     0 | D:1      | Reached XP level 1. HP: 7/7 MP: 4/4
   218 | D:1      | Reached skill level 1 in Conjurations
   229 | D:1      | Slain by a quokka

Illustrated notes

Levels and vault maps discovered:
D:1:      lemuel_arrival_hallway, layout_rooms

Skill      XL: |  1 |
---------------+----+-----
Conjurations   | 1 |  1.0
Fighting       | |  0.2
Dodging        | |  2.6
Stealth        | |  2.6
Spellcasting   | |  2.1
Air Magic      | |  2.8

Action                   || total
-------------------------++-------
Melee: Unarmed           ||     5
 Cast: Shock             ||     9
Armor: Skin              ||     2
Dodge: Dodged            ||     2

Table legend: (Time is in decaauts)
 A = Elapsed time spent in this place.
 B = Non-inter-level travel time spent in this place.
 C = Inter-level travel time spent in this place.
 D = Time resting spent in this place.
 E = Time spent auto-exploring this place.
 F = Levels seen in this place.
 G = Mean time per level.
                   A        B        C        D        E       F      G
               +--------+--------+--------+--------+--------+-----+--------+
         Total |    203 |    203 |      0 |      0 |    164 |   1 |  203.0 |
       Dungeon |    203 |    203 |      0 |      0 |    164 |   1 |  203.0 |
               +--------+--------+--------+--------+--------+-----+--------+

Top non-repeatable levels by time:
     D:1: 203 daAuts
